Map: Orbital Shipyard

Players

PhoniX

  • Race: Terran Terran
  • League: Master

Amane - Winner!

  • Race: Protoss Protoss
  • League: Grandmaster

VOD

Have the link to the VOD?

Description

Time

  • Played on: Jan. 11, 2016, 8:26 p.m.
  • Length: 7:26
Show
View Real Time Build Order
Export as new Build Order

PhoniX Terran 

Build Orders: Reaper Expand 

Get SALT Encoding   

  12  0:01  SCV  
  13  0:13  SCV  
  14  0:18  Supply Depot  
  14  0:25  SCV  
  15  0:39  SCV  
  15  0:42  Barracks  
  16  0:46  Refinery  
  16  0:51  SCV  
  17  1:04  SCV  
  19  1:18  SCV  
  19  1:32  Orbital Command  
  19  1:35  Reaper  
  20  1:44  Command Center  
  20  1:58  SCV  
  21  2:06  Supply Depot  
  21  2:10  SCV, Marine  
  21  2:11  Factory  
  23  2:18  Bunker  
  23  2:28  SCV  
  24  2:33  Barracks Reactor  
  24  2:35  Refinery  
  24  2:40  SCV  
  24  2:52  Command Center, SCV  
  24  2:56  Factory Tech Lab  
  25  3:04  SCV  
  25  3:05  Orbital Command  
  26  3:13  Marine  
  26  3:14  Marine  
  26  3:16  SCV  
  29  3:23  Cyclone  
  32  3:33  SCV  
  33  3:34  Marine  
  33  3:36  Engineering Bay  
  34  3:41  Marine  
  34  3:42  SCV  
  35  3:50  SCV, Starport  
  35  3:55  Marine  
  37  3:58  SCV  
  38  4:03  Marine  
  38  4:05  SCV, Bunker  
  40  4:11  SCV, Missile Turret  
  40  4:14  Marine  
  42  4:18  Cyclone  
  42  4:22  Marine  
  46  4:26  SCV  
  46  4:28  Medivac  
  46  4:30  SCV  
  50  4:33  Orbital Command  
  50  4:35  Marine  
  51  4:39  SCV  
  51  4:40  Missile Turret  
  51  4:43  Marine  
  53  4:46  Supply Depot  
  53  4:50  Terran Infantry Weapons Level 1  
  53  4:51  SCV  
  54  4:54  Marine  
  54  4:56  SCV  
  56  5:00  SCV  
  56  5:01  Marine  
  58  5:09  Barracks  
  58  5:11  Cyclone  
  58  5:12  Marine  
  62  5:16  Supply Depot, SCV  
  62  5:18  Marine  
  60  5:30  Marine  
  60  5:33  SCV  
  52  5:36  Marine  
  42  5:46  SCV  
  42  5:48  Siege Tank, Marine  
  45  5:54  Marine  
  45  5:56  SCV  
  39  6:05  SCV, Marine  
  39  6:09  Marine  
  39  6:10  SCV  
  43  6:12  Marine  
  43  6:13  SCV  
  44  6:23  SCV x2, Marine  
  47  6:25  SCV  
  47  6:27  Hellion  
  47  6:28  Medivac  
  47  6:30  Barracks Tech Lab, Marine  
  53  6:35  SCV  
  53  6:36  SCV  
  53  6:38  SCV  
  56  6:41  Marine  
  57  6:47  SCV, Barracks  
  58  6:55  SCV x2  
  58  6:59  Marine x2  
Show
View Real Time Build Order
Export as new Build Order

Amane Protoss - Winner!

Build Orders: 1 Gate Expand 

Get SALT Encoding   

  12  0:01  Probe (Chrono Boost)  
  13  0:12  Probe (Chrono Boost)  
  14  0:17  Pylon  
  14  0:22  Probe (Chrono Boost)  
  16  0:35  Probe (Chrono Boost)  
  16  0:40  Gateway  
  16  0:41  Assimilator  
  16  0:46  Probe (Chrono Boost)  
  17  0:57  Probe (Chrono Boost)  
  18  1:07  Probe (Chrono Boost)  
  19  1:19  Probe (Chrono Boost)  
  19  1:22  Nexus  
  20  1:31  Cybernetics Core  
  20  1:35  Probe (Chrono Boost)  
  21  1:44  Assimilator  
  21  1:46  Probe (Chrono Boost)  
  22  1:50  Pylon  
  22  1:56  Probe (Chrono Boost)  
  26  2:08  Probe (Chrono Boost), Adept (Chrono Boost)  
  26  2:09  Warp Gate  
  26  2:18  Twilight Council  
  26  2:21  Probe  
  27  2:32  Adept (Chrono Boost)  
  30  2:44  Probe  
  30  2:49  Robotics Facility  
  30  2:51  Probe (Chrono Boost)  
  30  2:56  Probe (Chrono Boost)  
  32  3:00  Resonating Glaives  
  32  3:03  Probe (Chrono Boost)  
  33  3:08  Probe (Chrono Boost)  
  34  3:13  Probe (Chrono Boost)  
  34  3:18  Probe (Chrono Boost)  
  36  3:24  Probe (Chrono Boost), Pylon  
  37  3:29  Probe (Chrono Boost)  
  38  3:34  Probe (Chrono Boost)  
  39  3:41  Probe (Chrono Boost)  
  39  3:45  Probe (Chrono Boost)  
  40  3:52  Probe (Chrono Boost)  
  41  3:56  Probe (Chrono Boost)  
  41  3:59  Gateway  
  41  4:00  Gateway  
  41  4:01  Gateway  
  42  4:03  Gateway  
  42  4:08  Gateway  
  42  4:10  Gateway  
  42  4:13  Warp Prism (Chrono Boost)  
  42  4:16  Probe  
  45  4:32  Pylon  
  45  4:34  Adept  
  47  4:39  Pylon  
  47  4:40  Mothership Core  
  47  4:41  Pylon  
  50  4:53  Observer (Chrono Boost)  
  50  5:03  Pylon  
  50  5:09  Pylon  
  50  5:11  Probe  
  50  5:13  Assimilator  
  51  5:20  Adept x7  
  59  5:39  Warp Prism (Chrono Boost)  
  59  5:40  Adept x3  
  59  5:41  Adept x4  
  67  5:57  Probe  
  67  6:00  Adept  
  67  6:01  Adept x6  
  74  6:26  Pylon  
  74  6:37  Adept x7  
  88  6:59  Adept x2  
  88  7:00  Adept x5  
Tags
 
Add a new tag
Caveats
  • Supply blocks, unpowered buildings, or Contaminate may cause inaccurate times.
  • Supply counts are checked every 10 seconds.